 Dungeon Crawl Stone Soup version 0.24.0-13-gcf9b319 (webtiles) character file.

Game seed: 17499603033494142313, levelgen mode: deterministic

74 Bronimir the Firebug (level 4, -1/24 HPs)
             Began as a Deep Elf Fire Elementalist on Apr 23, 2020.
             Slain by a big kobold
             ... wielding a +0 short sword
              (2 damage)
             ... on level 2 of the Dungeon.
             The game lasted 00:03:04 (1873 turns).

Bronimir the Firebug (Deep Elf Fire Elementalist)   Turns: 1873, Time: 00:03:05

Health: -1/24      AC:  2    Str:  5    XL:     4   Next: 10%
Magic:  5/11       EV: 13    Int: 26    God:
Gold:   145        SH:  0    Dex: 15    Spells: 9/10 levels left

rFire    . . .     SeeInvis .   n - +0 long sword
rCold    . . .     Gourm    .   (no shield)
rNeg     . . .     Faith    .   a - +0 robe
rPois    .         Spirit   .   (no helmet)
rElec    .         Reflect  .   (no cloak)
rCorr    .         Harm     .   (no gloves)
MR       .....                  (no boots)
Stlth    ++........             (no amulet)
HPRegen  0.08/turn              (no ring)
MPRegen  0.12/turn              (no ring)

@: brilliant
A: no striking features
a: no special abilities


You were on level 2 of the Dungeon.
You were not hungry.

You visited 1 branch of the dungeon, and saw 2 of its levels.

You collected 145 gold pieces.

Inventory:

Hand Weapons
 d - a +0 dagger
 n - a +0 long sword (weapon)
Missiles
 b - 113 stones (quivered)
 g - 39 bolts
Armour
 a - a +0 robe (worn)
 j - a +0 ring mail
Jewellery
 i - an uncursed ring of wizardry {unknown}
Scrolls
 e - a scroll of teleportation {unknown}
 f - a scroll of remove curse {unknown}
 k - a scroll of enchant weapon {unknown}
Potions
 m - a potion of curing {unknown}
Comestibles
 c - 4 rations
 l - a chunk of flesh


   Skills:
 * Level 3.1 Dodging
 - Level 2.4 Stealth
 * Level 3.9 Spellcasting
 * Level 2.0 Conjurations
 * Level 4.3 Fire Magic


You had 9 spell levels left.
You knew the following spells:

 Your Spells              Type           Power        Failure   Level  Hunger
a - Flame Tongue          Conj/Fire      #####        1%          1    None

Your spell library contained the following spells:

 Spells                   Type           Power        Failure   Level  Hunger
 Throw Flame              Conj/Fire      #####.       1%          2    None
 Conjure Flame            Conj/Fire      #####...     1%          3    ##.....
 Inner Flame              Hex/Fire       ####....     1%          3    ##.....
 Sticky Flame             Conj/Fire      #####...     2%          4    ####...
 Fireball                 Conj/Fire      #####.....   8%          5    #####..


Dungeon Overview and Level Annotations

Branches:
Dungeon (2/15)

Altars:


Message History

The big kobold hits you with a +0 short sword.
* * * LOW HITPOINT WARNING * * *
Casting: Flame Tongue (safe; 3% risk of failure)
Confirm with . or Enter, or press ? or * to list all spells.
You don't know that spell.
Sorry, you're not good enough to have a special ability.
Unknown command.
It was a potion of brilliance.
You feel clever all of a sudden. The big kobold misses you.
You riposte.
You barely miss the big kobold.
The big kobold is severely wounded.
Casting: Flame Tongue (safe; 1% risk of failure)
Confirm with . or Enter, or press ? or * to list all spells.
Aiming: Flame Tongue (safe; 1% risk of failure)
Press: ? - help, Shift-Dir - straight line, f/p - big kobold
Aim: a big kobold, wielding a +0 short sword (severely wounded)
The flame tongue hits the big kobold!
The big kobold is almost dead.
The big kobold hits you with a +0 short sword.
You die...

..... ..... .....#
......# #######
......>## #.....#
........# #####.#
#.....K# ##.####
#.....@#######.....#
#.....((...........#
####.#########.....####
#.# #............# #.#
#........#...# #.#
#............# #.#
#####........# #.#
#........# #.#
#....#...#


You could see a big kobold.

Vanquished Creatures
  2 adders (D:2)
  2 oozes
  2 worms (D:2)
  2 giant cockroaches (D:2)
  8 goblins
  3 hobgoblins
  3 jackals (D:1)
  5 kobolds
  5 bats
  3 frilled lizards
  8 rats
43 creatures vanquished.

Notes
Turn   | Place    | Note
-------+----------+-------------------------------------------
     0 | D:1      | Bronimir the Deep Elf Fire Elementalist began the quest for
                  | the Orb.
     0 | D:1      | Reached XP level 1. HP: 10/10 MP: 6/6
   328 | D:1      | Reached XP level 2. HP: 15/15 MP: 4/8
   592 | D:1      | Reached skill level 4 in Fire Magic
   882 | D:1      | Reached XP level 3. HP: 19/19 MP: 8/10
  1691 | D:2      | Reached XP level 4. HP: 19/24 MP: 7/11
  1797 | D:2      | Noticed a big kobold
  1871 | D:2      | HP: 1/24 [big kobold/+0 short sword (5)]
  1873 | D:2      | Slain by a big kobold

Levels and vault maps discovered:
D:1:      minmay_arrival_stone_box, layout_basic,
          hangedman_decor_clover_reticule, minmay_misc_feat_roman,
          minmay_tetromino_l4
D:2:      layout_basic, grunt_temple_overflow_opulence,
          nicolae_overflow_crystal_walls

Skill      XL: |  1  2  3 |
---------------+----------+-----
Fire Magic     | 4 |  4.3
Conjurations   | 2 |  2.0
Dodging        | 3 |  3.1
Stealth        | |  2.4
Spellcasting   | |  3.9

Action                   |  1- 3 |  4- 6 || total
-------------------------+-------+-------++-------
Melee: Dagger            |     6 |     1 ||     7
 Cast: Flame Tongue      |    75 |    15 ||    90
  Use: Potion            |       |     1 ||     1
  Eat: Chunk             |     2 |     1 ||     3
Armor: Robe              |     8 |     2 ||    10
Dodge: Dodged            |    33 |    10 ||    43
       Rpst.: Long sword |       |     1 ||     1
